 Dungeon Crawl Stone Soup version 0.19.1-1-g22dce08 (webtiles) character file.

426 Oxelix the Cleaver (level 6, -8/51 HPs)
             Began as a Hill Orc Fighter on Dec 28, 2016.
             Was an Initiate of Makhleb.
             Mangled by an ogre
             ... wielding a cursed +0 giant club
             ... created by the fury of Okawaru
              (16 damage)
             ... on level 4 of the Dungeon.
             The game lasted 00:26:13 (4137 turns).

Oxelix the Cleaver (Hill Orc Fighter)               Turns: 4137, Time: 00:26:13

Health: -8/51      AC:  8    Str: 24    XL:     6   Next: 97%
Magic:  6/6        EV:  7    Int:  8    God:    Makhleb [......]
Gold:   293        SH:  9    Dex: 11    Spells: 0 memorised, 5 levels left

rFire  + . .     SeeInvis .     h - +3 mace
rCold  x . .     Gourm    .     b - +2 scale mail
rNeg   . . .     Faith    .     c - +0 shield
rPois  .         Spirit   .     (no helmet)
rElec  .         Reflect  .     (no cloak)
rCorr  .         Harm     .     (no gloves)
MR     .....                    (no boots)
Stlth  ..........               (no amulet)
                                d - +4 ring of strength
                                e - ring of fire

@: no status effects
A: no striking features
a: Renounce Religion


You were on level 4 of the Dungeon.
You worshipped Makhleb.
Makhleb was noncommittal.
You were not hungry.

You visited 2 branches of the dungeon, and saw 5 of its levels.

You collected 293 gold pieces.

Inventory:

Hand Weapons
 a - a +1 war axe
 h - a +3 mace (weapon)
Armour
 b - a +2 scale mail (worn)
 c - a +0 shield (worn)
 g - a +0 ring mail
Jewellery
 d - a +4 ring of strength (right hand)
 e - a ring of fire (left hand)
 k - an uncursed ring of magical power
Scrolls
 j - a scroll of identify
Potions
 m - a potion of brilliance
Comestibles
 f - 5 bread rations
 i - a fruit
 n - 2 chunks of flesh


   Skills:
 - Level 3.6 Fighting
 + Level 9.4 Axes
 - Level 3.3 Armour
 - Level 3.3 Shields


You had 5 spell levels left.
You didn't know any spells.

Dungeon Overview and Level Annotations

Branches:
Dungeon (4/15)             Temple (1/1) D:4

Altars:
Ashenzari
Cheibriados
Dithmenos
Elyvilon
Fedhas
Hepliaklqana
Kikubaaqudgha
Makhleb
Okawaru
Ru
Trog
Uskayaw
Vehumet
Yredelemnul
Zin


Message History

You hit the worker ant.
You kill the worker ant!
Makhleb accepts your kill.
You feel sick.
You start resting.
You feel sick. x8
You are no longer poisoned.
You start resting.
Okawaru sends forces against you! 2 ogres come into view.
Okay, then.
As you read the scroll labeled JAOMON FYSM, it crumbles to dust.
The dust glows faint copper!
It was a scroll of random uselessness.
You block the ogre's attack.
You barely miss the ogre.
Your shield and scale mail prevent you from hitting the ogre.
The ogre hits you with a giant club!
* * * LOW HITPOINT WARNING * * *
The ogre hits you with a giant club!
You die...

##.##........
#...'........
#..##.....##.
#.>..........
#..#####.###. #..# #.####
#..#####.##..
#############.........+..
.......O@#....######.##..
########O#.#### #+##..
#.#.# # #.#.# #.#.# #.#.#
#' #.#.# #.# ## #.#.# #.#
#. #.#.# #.# #.


You could see 2 ogres.

Vanquished Creatures
  The ghost of pvtr the Cudgeler, an amateur MiBe of Trog (D:3)
  Blork the orc (D:4)
  A hound (D:4)
  An orc priest (D:4)
  2 orc wizards (D:4)
  A worker ant (D:4)
  3 adders
  An ooze (D:2)
  2 worms
  3 leopard geckos
  13 orcs
  2 giant cockroaches
  8 goblins
  5 hobgoblins
  9 jackals
  5 kobolds
  A quokka (D:2)
  9 bats
  5 frilled lizards
  8 rats
81 creatures vanquished.

Notes
Turn   | Place    | Note
-------+----------+-------------------------------------------
     0 | D:1      | Oxelix the Hill Orc Fighter began the quest for the Orb.
     0 | D:1      | Reached XP level 1. HP: 19/19 MP: 1/1
   214 | D:1      | Reached skill level 3 in Axes
   351 | D:1      | Reached XP level 2. HP: 24/26 MP: 2/2
   893 | D:1      | Reached skill level 4 in Axes
   996 | D:2      | Found a basalt altar of Yredelemnul.
  1114 | D:2      | Reached XP level 3. HP: 30/31 MP: 3/3
  1649 | D:2      | Reached skill level 5 in Axes
  1697 | D:3      | Noticed pvtr's ghost (amateur MiBe)
  1779 | D:3      | Reached XP level 4. HP: 35/39 MP: 4/4
  2294 | D:3      | Found an iron altar of Okawaru.
  2314 | D:3      | Found a white marble altar of Elyvilon.
  2315 | D:3      | Found an ancient bone altar of Kikubaaqudgha.
  2369 | D:3      | Became a worshipper of Warmaster Okawaru
  2441 | D:3      | Reached skill level 6 in Axes
  2581 | D:3      | Killed pvtr's ghost
  2581 | D:3      | Reached skill level 7 in Axes
  2581 | D:3      | Reached XP level 5. HP: 25/45 MP: 5/5
  3035 | D:4      | Found a staircase to the Ecumenical Temple.
  3041 | Temple   | Entered the Ecumenical Temple
  3224 | Temple   | Fell from the grace of Okawaru
  3224 | Temple   | Became a worshipper of Makhleb the Destroyer
  3637 | D:4      | Noticed Blork the orc
  3647 | D:4      | Killed Blork the orc
  3647 | D:4      | Reached skill level 8 in Axes
  3647 | D:4      | Reached XP level 6. HP: 34/51 MP: 6/6
  3814 | D:4      | Reached skill level 9 in Axes
  3924 | D:4      | Found a glowing silver altar of Zin.
  4137 | D:4      | Mangled by an ogre

Skill      XL: |  1  2  3  4  5  6 |
---------------+-------------------+-----
Axes           | 3 4 5 7 8 9 |  9.4
Fighting       | |  3.6
Armour         | |  3.3
Shields        | |  3.3

Action                   |  1- 3 |  4- 6 || total
-------------------------+-------+-------++-------
Melee: War axe           |   134 |    88 ||   222
       Mace              |       |    59 ||    59
  Use: Potion            |     1 |     7 ||     8
       Scroll            |     3 |     6 ||     9
  Eat: Chunk             |     3 |     6 ||     9
       Fruit             |       |     2 ||     2
Armor: Scale mail        |    66 |    56 ||   122
Dodge: Dodged            |    42 |    41 ||    83
Block: Shield            |    87 |    62 ||   149
